 Dungeon Crawl Stone Soup version 0.31-a0-214-gb37851dbb3 (webtiles) character file.

Game seed: 3584127956391931812

1055 qw the Skirmisher (level 8, -2/68 HPs)
             Began as a Minotaur Hexslinger on July 1, 2023.
             Killed from afar by an acid dragon (21 damage)
             ... with a splash of acid
             ... on level 6 of the Dungeon.
             The game lasted 00:01:49 (5011 turns).

qw the Skirmisher (Minotaur Hexslinger)             Turns: 5011, Time: 00:01:49

Health: -2/68      AC:  3    Str: 12    XL:     8   Next: 5%
Magic:  8/8        EV: 11    Int: 10    God:
Gold:   321        SH:  0    Dex: 16    Spells: 8/9 levels left

rFire   + . .        Y - +4 sling
rCold   . . .        (no shield)
rNeg    . . .        m - +0 ring mail
rPois   .            (helmet restricted)
rElec   .            c - +0 cloak
rCorr   .            (no gloves)
SInv    .            b - +0 pair of boots
Will    .....        (no amulet)
Stlth   +            e - ring of protection from fire
HPRegen 0.31/turn    (no ring)
MPRegen 0.11/turn

%: no passive effects
@: corroded
A: horns 2, retaliatory headbutt
a: no special abilities


You were on level 6 of the Dungeon.
You visited 2 branches of the dungeon, and saw 7 of its levels.

You collected 321 gold pieces.


Innate Abilities, Weirdness & Mutations

You have a pair of horns on your head.
You reflexively headbutt those who attack you in melee.


   Skills:
 + Level 5.0 Fighting
 - Level 9.0 Ranged Weapons
 - Level 2.0 Armour
 - Level 3.1 Dodging
 - Level 1.0 Spellcasting
 - Level 2.0 Hexes


You had 8 spell levels left.
You knew the following spells:

 Your Spells              Type           Power      Damage    Failure   Level
a - Slow                  Hex            16%        N/A       32%         1

Your spell library contained the following spells:

 Spells                   Type           Power      Damage    Failure   Level
 Inner Flame              Hex/Fire       2%         N/A       83%         3
 Portal Projectile        Hex/Tloc       4%         N/A       83%         3
 Cause Fear               Hex            2%         N/A       97%         4

Inventory:

Hand Weapons
 Y - a +4 sling (weapon)
Armour
 b - a +0 pair of boots (worn)
 c - a +0 cloak (worn)
 m - a +0 ring mail (worn)
Jewellery
 e - a ring of protection from fire (left hand)
Scrolls
 f - 2 scrolls of identify
 g - a scroll of teleportation
Potions
 a - a potion of might
 d - 4 potions of haste
 h - a potion of mutation
 k - 3 potions of curing

Dungeon Overview and Level Annotations

Branches:
Dungeon (6/15)             Temple (1/1) D:4

Altars:
Cheibriados
Hepliaklqana
Nemelex Xobeh
Qazlal
Ru
Sif Muna
Uskayaw
Vehumet
Wu Jian
Xom
Yredelemnul
The Shining One


Message History

The wight is severely damaged.
You shoot a sling bullet.
The sling bullet barely misses the wight.
The sling bullet hits the jelly.
The jelly is moderately wounded.
You shoot a sling bullet. The sling bullet hits the wight!
You destroy the wight!
You have reached level 8!
You feel agile.
You shoot a sling bullet. The sling bullet hits the jelly.
The jelly is heavily wounded.
You shoot a sling bullet. The sling bullet hits the jelly!
You kill the jelly!
Your Dodging skill increases to level 3!
An acid dragon comes into view.
The acid dragon roars!
Enter note:
Enter note:
Enter note:
Enter note: You shoot a sling bullet.
The sling bullet hits the acid dragon.
The acid dragon is lightly wounded.
The acid dragon bites you! The acid dragon claws you.
You shoot a sling bullet.
The sling bullet barely misses the acid dragon.
The acid dragon barely misses you. You furiously retaliate!
You headbutt the acid dragon. The acid dragon claws you.
You shoot a sling bullet.
The sling bullet closely misses the acid dragon.
The acid dragon bites you!
The acid dragon claws you but does no damage.
You shoot a sling bullet.
The sling bullet barely misses the acid dragon.
The acid dragon spits acid at you. The splash of acid hits you!!
The acid corrodes you!
You shoot a sling bullet.
The sling bullet hits the acid dragon but does no damage.
The acid dragon is lightly wounded.
The acid dragon spits acid at you. The splash of acid hits you!!
You die...

........ ........ ###
#..##### #.# ###.##....
#.# #>..##.### #.#
#....#.000
#.#####.#######.##.#####
#.......D.....#.##..###.
#@### #.#.###.# #.
######.#.###.#.# #.###.
.......)......#.# #...#.
#######...###.#.# ###...
.......)# #.#.# ##..
####....###...######..
...............<###.
###.#..########### ##
#.#..#


You could see an acid dragon (catching breath).

Vanquished Creatures
  Menkaure (D:5)
  An ogre (D:4)
  A phantom (D:5)
  Blork the orc (D:4)
  2 scorpions
  A wight (D:6)
  A howler monkey (D:6)
  A hound (D:6)
  A jelly (D:6)
  An orc wizard (D:3)
  4 iguanas
  Natasha (twice) (D:4)
  7 adders
  A gnoll (D:1)
  A shadow imp (D:6)
  2 white imps
  2 ufetubi
  3 worms
  3 dart slugs
  7 orcs
  2 endoplasms
  7 giant cockroaches
  8 goblins
  6 hobgoblins
  3 jackals (D:2)
  9 kobolds
  6 quokkas
  7 ball pythons
  8 bats
  A frilled lizard (D:1)
  7 rats
107 creatures vanquished.

Vanquished Creatures (others)
  A sky beast (D:6)
1 creature vanquished.

Grand Total: 108 creatures vanquished

Notes
Turn   | Place    | Note
-------+----------+-------------------------------------------
     0 | D:1      | qw the Minotaur Hexslinger began the quest for the Orb.
     0 | D:1      | Reached XP level 1. HP: 16/16 MP: 1/1
     0 | D:1      | 0 ||| qw: Version: 0.3-a-32-g5962c71
     0 | D:1      | 0 ||| qw: Game counter: 7571
     0 | D:1      | 0 ||| qw: Melee chars always use a shield: true
     0 | D:1      | 0 ||| qw: God list: Okawaru
     0 | D:1      | 0 ||| qw: Allow faded altars: false
     0 | D:1      | 0 ||| qw: Do Orc after clearing Dungeon:15 true
     0 | D:1      | 0 ||| qw: Do second Lair branch before Depths: true
     0 | D:1      | 0 ||| qw: Lair rune preference: random
     0 | D:1      | 0 ||| qw: Goals: Normal
     0 | D:1      | 0 ||| PLANNING D:1-11
   118 | D:1      | Reached skill level 3 in Ranged Weapons
   121 | D:1      | Reached XP level 2. HP: 23/23 MP: 2/2
   504 | D:1      | HP: 5/24 [gnoll/+0 club (4)]
   508 | D:1      | Reached XP level 3. HP: 8/29 MP: 3/3
   838 | D:1      | 838 ||| UPGRADING to +0 leather armour.
   848 | D:1      | 848 ||| DROPPING +0 robe.
   849 | D:1      | 849 ||| DROPPING amulet of magic regeneration.
   850 | D:1      | 850 ||| READING 3 scrolls labelled FEADDI PIMAMA.
   851 | D:1      | 851 ||| READING 2 scrolls of enchant weapon.
   851 | D:1      | 851 ||| ENCHANTING +2 sling.
   852 | D:1      | 852 ||| READING scroll of enchant weapon.
   852 | D:1      | 852 ||| ENCHANTING +3 sling.
   853 | D:1      | 853 ||| READING 4 scrolls labelled MIEM TUWNITIJ.
   854 | D:1      | 854 ||| READING scroll labelled YPNOTEFIUT.
   855 | D:1      | 855 ||| READING scroll labelled ETTUDUK FYNEO.
   856 | D:1      | 856 ||| READING scroll labelled NUOLERCH DEUBIS.
   857 | D:1      | 857 ||| DRINKING 2 viscous silvery potions.
   858 | D:1      | 858 ||| READING 3 scrolls of identify.
   858 | D:1      | 858 ||| IDENTIFYING fizzy white potion
   859 | D:1      | 859 ||| DROPPING scroll of poison.
   947 | D:2      | Reached skill level 4 in Ranged Weapons
  1095 | D:2      | Reached XP level 4. HP: 36/36 MP: 4/4
  1649 | D:2      | Reached skill level 5 in Ranged Weapons
  1695 | D:2      | 1695 ||| UPGRADING to +0 cloak.
  1700 | D:2      | 1700 ||| UPGRADING to +0 ring mail.
  1710 | D:2      | 1710 ||| DROPPING +0 leather armour.
  1711 | D:2      | 1711 ||| READING 2 scrolls labelled HIUNOF GYGGERO.
  1714 | D:2      | 1714 ||| READING scroll labelled HEFUESESH XOLO.
  1715 | D:2      | 1715 ||| DRINKING 2 sedimented cyan potions.
  1716 | D:2      | 1716 ||| DRINKING 2 fizzy pink potions.
  1717 | D:2      | 1717 ||| READING 2 scrolls of identify.
  1717 | D:2      | 1717 ||| IDENTIFYING brown potion
  1718 | D:2      | 1718 ||| DROPPING potion of attraction.
  1719 | D:2      | 1719 ||| DROPPING potion of degeneration.
  1891 | D:3      | 1891 ||| FLEEEEING.
  1909 | D:3      | HP: 8/36 [something (3)]
  1911 | D:3      | Reached XP level 5. HP: 10/41 MP: 5/5
  2383 | D:3      | You fall into a shaft and drop 2 floors!
  2383 | D:5      | Entered Level 5 of the Dungeon
  2432 | D:5      | Reached skill level 3 in Fighting
  2539 | D:5      | 2539 ||| READING scroll labelled RUCSUSHRALING.
  2540 | D:5      | 2540 ||| DRINKING 2 glowing grey potions.
  2541 | D:5      | 2541 ||| READING 3 scrolls of identify.
  2541 | D:5      | 2541 ||| IDENTIFYING fuming red potion
  2542 | D:5      | 2542 ||| READING 2 scrolls of identify.
  2542 | D:5      | 2542 ||| IDENTIFYING grey potion
  2543 | D:5      | 2543 ||| DROPPING potion of invisibility.
  2544 | D:5      | 2544 ||| DROPPING potion of ambrosia.
  2589 | D:4      | Reached XP level 6. HP: 48/52 MP: 6/6
  2701 | D:4      | Found a staircase to the Ecumenical Temple.
  2702 | D:4      | 2702 ||| PLANNING TEMPLE
  2706 | D:4      | 2706 ||| READING 3 scrolls labelled ACIRRE EVOMNE.
  2707 | D:4      | 2707 ||| DROPPING 2 scrolls of blinking.
  2713 | D:4      | Reached skill level 6 in Ranged Weapons
  2721 | Temple   | Entered the Ecumenical Temple
  2870 | Temple   | 2870 ||| PLANNING D:1-11
  3147 | D:4      | Noticed Natasha
  3148 | D:4      | Noticed Blork the orc
  3151 | D:4      | Killed Natasha
  3160 | D:4      | HP: 9/52 [Blork the orc/puff of flame (7)]
  3161 | D:4      | 3161 ||| READING 2 scrolls of teleportation.
  3162 | D:4      | 3162 ||| DRINKING potion of heal wounds.
  3298 | D:4      | Found a glowing golden altar of the Shining One.
  3300 | D:4      | Found a hide-covered altar of Uskayaw.
  3678 | D:4      | Noticed Natasha
  3685 | D:4      | Killed Natasha
  3741 | D:4      | Killed Blork the orc
  3742 | D:4      | Reached skill level 7 in Ranged Weapons
  3742 | D:4      | Reached XP level 7. HP: 37/59 MP: 7/7
  3862 | D:4      | 3862 ||| UPGRADING to +0 pair of boots.
  3867 | D:4      | 3867 ||| READING 2 scrolls of identify.
  3867 | D:4      | 3867 ||| IDENTIFYING sedimented coppery potion
  3868 | D:4      | 3868 ||| DROPPING potion of lignification.
  3980 | D:5      | Noticed Menkaure
  3988 | D:5      | Killed Menkaure
  4066 | D:5      | Reached skill level 8 in Ranged Weapons
  4471 | D:5      | 4471 ||| READING scroll labelled XUIHOK HULALI.
  4931 | D:6      | 4931 ||| UPGRADING to ring of protection from fire.
  4932 | D:6      | 4932 ||| READING 2 scrolls of identify.
  4932 | D:6      | 4932 ||| IDENTIFYING yellow potion
  4941 | D:6      | Reached skill level 9 in Ranged Weapons
  5002 | D:6      | Reached XP level 8. HP: 68/68 MP: 8/8
  5004 | D:6      | Reached skill level 3 in Dodging
  5011 | D:6      | Killed from afar by an acid dragon

Levels and vault maps discovered:
D:1:      dpeg_arrival_morbid_curiosity, layout_basic, minmay_indecisive_spiral
D:2:      layout_basic, minmay_hexomino_c4
D:3:      layout_basic
D:4:      layout_loops_ring, nicolae_overflow_squiral, minmay_temple_entry_hall,
          minmay_fractal_squares_5, uniq_blork_the_orc, uniq_natasha
D:5:      layout_basic, uniq_menkaure
D:6:      lemuel_ice_spiral_2, layout_basic, trog_wizard, serial_shops,
          nicolae_shop_behind_doors, dk_noncrumbling_3,
          dreamdust_mushroom_princess, hellmonk_bongcloud_opening, uniq_duvessa,
          uniq_edmund, uniq_maggie
Temple:   chequers_temple_sunken

Skill      XL: |  1  2  3  4  5  6  7  8 |
---------------+-------------------------+-----
Ranged Weapons | 3 4 5 7 9 |  9.0
Fighting       | 2 3 4 5 |  5.0
Armour         | 2 |  2.0
Dodging        | 3 |  3.1
Spellcasting   | |  1.0
Hexes          | |  2.0

Action                     |  1- 3 |  4- 6 |  7- 9 || total
---------------------------+-------+-------+-------++-------
   Fire: Sling             |   116 |   169 |   109 ||   394
    Use: Scroll            |     8 |     8 |     3 ||    19
         Potion            |     1 |     4 |       ||     5
 Armour: Robe              |     8 |       |       ||     8
         Leather armour    |     1 |     6 |       ||     7
         Ring mail         |       |    22 |    25 ||    47
  Dodge: Dodged            |    21 |    38 |    16 ||    75

Table legend:
 A = Non-vault XP
 B = Vault XP
 C = Vault XP percentage of total XP
 D = Non-vault monster count
 E = Vault monster count
 F = Vault count percentage of total count
                 A         B        C        D         E       F
            +---------+---------+-------+---------+---------+-------
      Total |    1143 |     365 |  24.2 |      85 |      23 |  21.3
            +---------+---------+-------+---------+---------+-------
        D:1 |      41 |      16 |  28.1 |      17 |       9 |  34.6
        D:2 |      91 |      21 |  18.8 |      24 |       6 |  20.0
        D:3 |      89 |       0 |   0.0 |      13 |       0 |   0.0
        D:4 |     229 |     156 |  40.5 |      11 |       7 |  38.9
        D:5 |     252 |     172 |  40.6 |       9 |       1 |  10.0
        D:6 |     441 |       0 |   0.0 |      11 |       0 |   0.0
            +---------+---------+-------+---------+---------+-------
